 Dungeon Crawl Stone Soup version 0.26-a0-259-g1effd001a9 (webtiles) character file.

Game seed: 15294443516621962496

50316 sanka the Spry (level 14, -14/101 HPs)
             Began as a Halfling Earth Elementalist on July 19, 2020.
             Was the Champion of Cheibriados.
             Demolished by a death yak (19 damage)
             ... on level 5 of the Lair of Beasts.
             The game lasted 01:08:49 (26973 turns).

sanka the Spry (Halfling Earth Elementalist)       Turns: 26973, Time: 01:08:50

Health: -14/101    AC:  9    Str: 24    XL:     14   Next: 96%
Magic:  18/23      EV: 33    Int: 36    God:    Cheibriados [******]
Gold:   1272       SH:  0    Dex: 31    Spells: 4/19 levels left

rFire    . . .     SeeInvis .   b - staff of earth
rCold    + + .     Faith    .   (shield currently unavailable)
rNeg     . . .     Spirit   .   C - +2 leather armour of Cefofir {rF+ Int+4}
rPois    .         Reflect  .   j - +0 helmet
rElec    +         Harm     .   x - +0 cloak
rCorr    .                      O - +0 pair of gloves "Zoaxiu" {*Slow rElec Slay+5 Stlth-}
MR       +....                  l - +0 pair of boots
Stlth    ++........             (no amulet)
HPRegen  0.26/turn              c - ring of ice
MPRegen  0.18/turn              r - ring of protection from cold

@: marked, studying Armour, very slow
A: small, mutation resistance 1
a: Bend Time, Temporal Distortion, Slouch, Step From Time, Renounce Religion


You were on level 5 of the Lair of Beasts.
You worshipped Cheibriados.
Cheibriados was exalted by your worship.
You were not hungry.

You visited 3 branches of the dungeon, and saw 18 of its levels.
You also visited: Sewer and Ice Cave.

You collected 1428 gold pieces.
You spent 156 gold pieces at shops.


Innate Abilities, Weirdness & Mutations

You are small and have problems with some larger weapons.
You are somewhat resistant to further mutation.


   Skills:
 + Level 11.1 Fighting
 - Level 15.0 Dodging
 - Level 2.1 Stealth
 - Level 3.0 Spellcasting
 - Level 2.0 Conjurations
 - Level 2.0 Transmutations
 - Level 12.0 Earth Magic
 + Level 12.1 Invocations


You had 4 spell levels left.
You knew the following spells:

 Your Spells              Type           Power        Failure   Level
c - Petrify               Tmut/Erth      ######..     3%          4
x - Stone Arrow           Conj/Erth      ######       1%          3
z - Sandblast             Erth           ######       1%          1
N - Passwall              Tmut/Erth      ######..     1%          2
X - Lee's Rapid Deconstr  Erth           #######...   1%          5

Your spell library contained the following spells:

 Spells                   Type           Power        Failure   Level
 Magic Dart               Conj           ###.         2%          1
 Searing Ray              Conj           ###...       3%          2
 Animate Skeleton         Necr           #.....       5%          1
 Apportation              Tloc           #.....       5%          1
 Corona                   Hex            #......      5%          1
 Summon Small Mammal      Summ           #...         5%          1
 Corpse Rot               Necr/Air       N/A          9%          2
 Shroud of Golubria       Chrm/Tloc      #.....       9%          2
 Dazzling Flash           Conj/Hex       ##....       11%         3
 Lesser Beckoning         Tloc           #.........   16%         3
 Fulminant Prism          Conj/Hex       ##........   34%         4
 Ice Form                 Ice/Tmut       ###.....     34%         4
 Iskenderun's Mystic Bla  Conj/Tloc      ##......     34%         4
 Summon Lightning Spire   Summ/Air       #.......     47%         4
 Metabolic Englaciation   Hex/Ice        #.........   83%         5
 Silence                  Hex/Air        #.........   83%         5
 Conjure Ball Lightning   Conj/Air       ##........   99%         6
 Dispersal                Tloc           #.........   100%        6
 Freezing Cloud           Conj/Ice/Air   ###.......   100%        6
 Ozocubu's Refrigeration  Ice            #.........   100%        6
 Simulacrum               Ice/Necr       #.........   100%        6
 Tornado                  Air            #.........   100%        9

Inventory:

Hand Weapons
 a - a +2 vampiric eveningstar
 i - the +0 falchion "Qepruobid" {freeze, *Slow rElec rF+ Int+3}

   It has been specially enchanted to freeze those struck by it, causing extra
   injury to most foes and up to half again as much damage against particularly
   susceptible opponents.
   It can also slow down cold-blooded creatures.
   It affects your intelligence (+3).
   It protects you from fire.
   It insulates you from electricity.
   It may slow you when you take damage.
 U - the +10 dagger of Destruction {holy, rN+ Int+3}

   It has been blessed by the Shining One to cause great damage to the undead
   and demons.
   It affects your intelligence (+3).
   It protects you from negative energy.
Missiles
 m - a throwing net {=f}
 q - 126 stones (quivered)
 t - 47 poisoned darts
Armour
 j - a +0 helmet (worn)
 l - a +0 pair of boots (worn)
 x - a +0 cloak (worn)
 C - the +2 leather armour of Cefofir (worn) {rF+ Int+4}

   It affects your intelligence (+4).
   It protects you from fire.
 H - a +1 pair of gloves
 O - the +0 pair of gloves "Zoaxiu" (worn) {*Slow rElec Slay+5 Stlth-}

   It affects your accuracy and damage with ranged weapons and melee attacks
   (+5).
   It insulates you from electricity.
   It may slow you when you take damage.
   It makes you less stealthy.
Magical Staves
 b - an uncursed staff of earth (weapon)
Jewellery
 c - a ring of ice (left hand)
 r - a ring of protection from cold (right hand)
 v - an uncursed ring of protection from magic
 K - a +6 ring of dexterity
 N - a +6 ring of strength
Wands
 w - a wand of paralysis (22)
 A - a wand of flame (15)
 I - a wand of enslavement (22)
 J - a wand of polymorph (7)
 P - a wand of clouds (8)
 R - a wand of iceblast (9)
 S - a wand of digging (1)
Scrolls
 g - 3 scrolls of amnesia
 k - 6 scrolls of enchant weapon
 n - a scroll of vulnerability {!r}
 o - 3 scrolls of magic mapping
 p - 7 scrolls of remove curse
 s - 3 scrolls of immolation {!r}
 y - a scroll of enchant armour
 F - 11 scrolls of teleportation {@r4}
 Q - a scroll of fog
Potions
 e - 10 potions of flight
 f - 2 potions of stabbing
 h - 3 potions of might
 u - 5 potions of curing {@q1}
 z - 3 potions of mutation {!q}
 D - 3 potions of heal wounds {@q2}
 E - a potion of brilliance
 G - a potion of experience {unknown}
 T - a potion of lignification {unknown}
Books
 B - a manual of Armour
Comestibles
 d - 57 rations

Dungeon Overview and Level Annotations

Branches:
Dungeon (11/15)            Temple (1/1) D:4            Lair (6/6) D:10
  Swamp (0/4) Lair:4        Snake (0/4) Lair:3          Orc (0/2) D:10
  Sewer (visited)           IceCv (visited)
  Slime: Lair:5-6

Altars:
Ashenzari
Cheibriados
Dithmenos
Elyvilon
Fedhas
Gozag
Hepliaklqana
Kikubaaqudgha
Makhleb
Nemelex Xobeh
Okawaru
Qazlal
Ru
Sif Muna
Trog
Uskayaw
Vehumet
Wu Jian
Xom
Yredelemnul
Zin
The Shining One

Shops:
D:4 *   D:5 *:   D:8 *   D:10 ?

Portals:
Trove: D:10 (give 15 scrolls of teleportation)

Annotations:
D:4 1 runed translucent door

..................▒
......▒..........▒▒
.......P.........▒
.................▒
..▒▒▒.f..........▒
..▒▒▒.f......)..▒▒
..f............Y▒
....▒..........Y▒▒
▒▒..............p▒▒
▒▒.f....[.......P▒
▒▒▒▒▒.........P▒▒
▒▒▒ ▒▒▒.......▒▒▒
P.▒ ▒.▒▒.......▒
.P▒ ▒▒▒▒.......▒
.▒▒ ▒▒......▒ ..▒
▒▒.....▒.▒ ..▒▒▒
▒......▒.▒


You could see 2 death yaks.


Message History

The death yak completely misses you. The death yak misses you.
The death yak completely misses you.
The death yak gores you but does no damage.
The death yak gores you!! The death yak misses you.
The death yak completely misses you.
The death yak gores you but does no damage.
The death yak gores you!!
* * * LOW HITPOINT WARNING * * *
The death yak gores you but does no damage.
The death yak completely misses you.
The death yak gores you but does no damage.
The death yak completely misses you. The death yak gores you.
* * * LOW HITPOINT WARNING * * *
The death yak barely misses you. The death yak gores you!
* * * LOW HITPOINT WARNING * * *
The death yak gores you but does no damage.
The death yak gores you but does no damage.
The death yak completely misses you. The death yak completely misses you.
The death yak gores you!
* * * LOW HITPOINT WARNING * * *
The death yak gores you!!
* * * LOW HITPOINT WARNING * * *
The death yak completely misses you. The death yak gores you!!
You die...

Action                   |  1- 3 |  4- 6 |  7- 9 | 10-12 | 13-15 || total
-------------------------+-------+-------+-------+-------+-------++-------
Melee: Hand axe          |     9 |       |       |       |       ||     9
       Whip              |    60 |   164 |    22 |       |       ||   246
       Flail             |       |       |    20 |       |       ||    20
       Dagger            |       |       |   241 |   366 |   394 ||  1001
       Staff             |       |       |       |       |     8 ||     8
       Eveningstar       |       |       |       |       |    34 ||    34
 Cast: Sandblast         |    14 |    27 |    20 |    83 |   138 ||   282
       Stone Arrow       |       |       |     7 |    99 |    34 ||   140
       Lee's Rapid Decon |       |       |       |    20 |    35 ||    55
       Petrify           |       |       |       |       |     2 ||     2
Invok: Temporal Distorti |       |       |       |       |    11 ||    11
Evoke: Wand              |       |       |       |    10 |     7 ||    17
  Use: Scroll            |       |       |     1 |    18 |    14 ||    33
       Potion            |       |       |       |       |     8 ||     8
 Stab: Sleeping          |     3 |     2 |     4 |     1 |     2 ||    12
       Distracted        |       |       |       |     2 |       ||     2
       Petrified         |       |       |       |       |     2 ||     2
       Petrifying        |       |       |       |       |     1 ||     1
  Eat: Ration            |     1 |     3 |     2 |     4 |     3 ||    13
Armor: Robe              |    15 |    29 |    21 |       |       ||    65
       Leather armour    |       |       |    49 |    60 |    65 ||   174
Dodge: Dodged            |    69 |   134 |   259 |   681 |   967 ||  2110

Levels and vault maps discovered:
D:1:      doesnt_arrival_eight_statues, layout_loops_cross
D:2:      layout_basic, grunt_temple_overflow_open, overflow_temple_1_default,
          okawaru_metal_pillars_1_2, doesnt_xom_only_xom, serial_bayou,
          serial_bayou_lagoon_a, serial_bayou_shore_a, serial_bayou_shore_b,
          serial_bayou_lake_a, uniq_robin
D:3:      layout_basic
D:4:      layout_basic, nicolae_gozag_cash_rules_everything_around_me,
          temple_statues, first_ration, nicolae_alphabet_shops,
          lemuel_angel_altar, uniq_crazy_yiuf_cottage, uniq_natasha,
          uniq_sigmund
D:5:      layout_cave_pools, nicolae_overflow_hidden_temple, serial_shops,
          shop_fountains, minmay_shop_damaged, minmay_manual_mares
D:6:      layout_basic, portal_sewer_entry_f
D:7:      layout_basic, overflow_temple_1_default, kennysheep_generic_room_4
D:8:      layout_gridville, serial_shops,
          nicolae_shop_competitors_out_of_business,
          hangedman_little_slice_of_home, uniq_pikel, uniq_psyche
D:9:      layout_long_grid
D:10:     layout_long_grid, lair_entry_dummy, david_orc_4, enter_trove_5,
          serial_shops, shop
D:11:     layout_stronghold, basic_altar, uniq_urug, uniq_josephine
Temple:   eino_temple_lava
Lair:1:   layout_layer_cave, gammafunk_lair_bear_cave,
          infiniplex_staircase_pool, uniq_joseph
Lair:2:   layout_chaotic_city, ebering_ghost_reflecting_pool, worms_lemuel
Lair:3:   layout_cave_pods, minmay_snake_entry_six_corridors,
          portal_ice_cave_entry_pillars_1, lemuel_fruit_tree, uniq_rupert
Lair:4:   layout_cave_shapes, palyth_hydra_swamp_entry
Lair:5:   layout_cave_shapes
Lair:6:   gammafunk_lair_ancient_temple, layout_long_grid, slime_altar_2,
          ebering_ghost_disaster_area, minmay_lair_oklob_bushes,
          grunt_forest_large_clearings

Notes
Turn   | Place    | Note
-------+----------+-------------------------------------------
     0 | D:1      | sanka the Halfling Earth Elementalist began the quest for
                  | the Orb.
     0 | D:1      | Reached XP level 1. HP: 11/11 MP: 3/3
   212 | D:1      | HP: 1/11 [kobold/cursed +0 short sword (2)]
   215 | D:1      | Reached XP level 2. HP: 2/17 MP: 1/4
   225 | D:1      | Reached skill level 2 in Spellcasting
   718 | D:1      | Reached XP level 3. HP: 21/21 MP: 6/6
   722 | D:1      | Learned a level 2 spell: Passwall
   726 | D:1      | Learned a level 3 spell: Stone Arrow
  1238 | D:2      | Found a glowing silver altar of Zin.
  1240 | D:2      | Found a sparkling altar of Nemelex Xobeh.
  1242 | D:2      | Found an iron altar of Okawaru.
  1242 | D:2      | Found a shimmering altar of Xom.
  1273 | D:2      | Found an iron altar of Okawaru.
  1273 | D:2      | Found a shimmering altar of Xom.
  1273 | D:2      | Found an ancient bone altar of Kikubaaqudgha.
  1751 | D:2      | Found a stormy altar of Qazlal.
  1753 | D:2      | Found a radiant altar of Vehumet.
  1755 | D:2      | Found a shattered altar of Ashenzari.
  1755 | D:2      | Found a blossoming altar of Fedhas.
  1756 | D:2      | Found an ornate altar of the Wu Jian Council.
  1756 | D:2      | Found a burning altar of Makhleb.
  1768 | D:2      | Reached skill level 1 in Conjurations
  1768 | D:2      | Reached skill level 4 in Earth Magic
  1768 | D:2      | Reached XP level 4. HP: 22/27 MP: 4/7
  2046 | D:2      | Noticed Robin
  2074 | D:2      | Killed Robin
  2428 | D:2      | Found an iron altar of Okawaru.
  2853 | D:2      | Reached XP level 5. HP: 26/31 MP: 8/8
  3241 | D:3      | Reached skill level 2 in Conjurations
  3267 | D:3      | Reached skill level 5 in Earth Magic
  4255 | D:4      | Found a staircase to the Ecumenical Temple.
  4268 | D:4      | Reached XP level 6. HP: 33/36 MP: 9/9
  4349 | Temple   | Entered the Ecumenical Temple
  4431 | Temple   | Became a worshipper of Cheibriados the Contemplative
  4521 | D:4      | Reached skill level 1 in Transmutations
  4844 | D:4      | Found an opulent altar of Gozag.
  4871 | D:4      | Noticed Sigmund
  4887 | D:4      | Killed Sigmund
  4887 | D:4      | Reached skill level 6 in Earth Magic
  4887 | D:4      | Reached XP level 7. HP: 34/41 MP: 6/10
  4946 | D:4      | Found a runed translucent door.
  4955 | D:4      | Found a glowing silver altar of Zin.
  4955 | D:4      | Noticed an angel
  4962 | D:4      | Noticed Natasha
  4967 | D:4      | Killed Natasha
  5018 | D:4      | Found Iodiot's Incredible Inventory.
  5027 | D:4      | Reached skill level 7 in Earth Magic
  5211 | D:4      | Found a runed translucent door.
  5212 | D:4      | Noticed Crazy Yiuf
  5401 | D:4      | Noticed Natasha
  5406 | D:4      | Killed Natasha
  5506 | D:4      | Noticed Natasha
  5516 | D:4      | Killed Natasha
  5549 | D:4      | Killed Crazy Yiuf
  5672 | D:5      | Entered Level 5 of the Dungeon
  5679 | D:5      | Reached * piety under Cheibriados
  5782 | D:5      | Got a dazzling dagger
  5783 | D:5      | Identified the +10 dagger of Destruction {holy, rN+ Int+3}
                  | (You found it on level 5 of the Dungeon)
  5851 | D:5      | Found Netiomy's Book Emporium.
  5868 | D:5      | Found Woradgh's Lightly-Used Armoury.
  5893 | D:5      | Reached skill level 8 in Earth Magic
  5920 | D:5      | Reached XP level 8. HP: 43/46 MP: 1/11
  6119 | D:5      | Reached skill level 9 in Earth Magic
  6871 | D:5      | Found a hazy altar of Hepliaklqana.
  7005 | D:6      | Reached ** piety under Cheibriados
  7114 | D:6      | Got a heavily runed leather armour
  7125 | D:6      | Identified the +2 leather armour of Cefofir {rF+ Int+4}
                  | (You found it on level 6 of the Dungeon)
  7132 | D:6      | Learned a level 5 spell: Lee's Rapid Deconstruction
  7157 | D:6      | Reached skill level 10 in Earth Magic
  7269 | D:6      | Reached XP level 9. HP: 29/51 MP: 8/12
  7312 | D:6      | Found a glowing drain.
  7331 | Sewer    | Entered a sewer
  7486 | Sewer    | Reached skill level 3 in Spellcasting
  7540 | Sewer    | Found a glowing silver altar of Zin.
  7760 | D:6      | Reached *** piety under Cheibriados
  7760 | D:6      | Reached skill level 3 in Dodging
  7856 | D:6      | Reached skill level 1 in Fighting
  8551 | D:7      | Reached skill level 4 in Dodging
  8831 | D:7      | Reached skill level 2 in Fighting
  8960 | D:7      | Noticed a hippogriff
  8977 | D:7      | Killed a hippogriff
  8977 | D:7      | Reached skill level 5 in Dodging
  9218 | D:7      | Reached XP level 10. HP: 62/62 MP: 14/14
  9227 | D:7      | Reached skill level 3 in Fighting
  9262 | D:6      | Reached skill level 6 in Dodging
  9396 | D:7      | Reached **** piety under Cheibriados
  9404 | D:7      | Reached skill level 11 in Earth Magic
  9520 | D:7      | Found a shimmering blue altar of Sif Muna.
  9838 | D:8      | Noticed Psyche
  9843 | D:8      | Killed Psyche
  9843 | D:8      | Reached skill level 7 in Dodging
  9852 | D:8      | Reached skill level 4 in Fighting
  9860 | D:8      | HP: 6/63 [poisoned by a hornet]
  9865 | D:7      | HP: 3/63 [poisoned by a hornet]
  9870 | D:7      | HP: 2/63 [poisoned by a hornet]
  9875 | D:7      | HP: 1/63 [poisoned by a hornet]
  9883 | D:7      | HP: 1/63 [poisoned by a hornet]
  9893 | D:7      | HP: 1/63 [poisoned by a hornet]
  9899 | D:7      | HP: 1/63 [poisoned by a hornet]
  9905 | D:7      | HP: 1/63 [poisoned by a hornet]
 10246 | D:8      | Noticed Pikel
 10250 | D:8      | Killed Pikel
 10253 | D:8      | Reached skill level 8 in Dodging
 10297 | D:8      | Found Eczaik's General Store.
 10459 | D:8      | Reached skill level 1 in Invocations
 11055 | D:8      | Reached ***** piety under Cheibriados
 11404 | D:8      | Reached skill level 2 in Invocations
 11690 | D:9      | Reached XP level 11. HP: 64/70 MP: 15/15
 11853 | D:9      | Reached skill level 9 in Dodging
 11856 | D:9      | Reached skill level 5 in Fighting
 12352 | D:10     | Entered Level 10 of the Dungeon
 12363 | D:10     | Killed an unseen horror
 12363 | D:10     | Reached skill level 3 in Invocations
 12485 | D:10     | Found Weyj's Magic Scroll Shop.
 13003 | D:10     | Found a staircase to the Orcish Mines.
 13067 | D:10     | Found a staircase to the Lair.
 13150 | D:10     | Noticed a vault guard
 13159 | D:10     | Killed a vault guard
 13159 | D:10     | Reached skill level 10 in Dodging
 13159 | D:10     | Reached skill level 4 in Invocations
 13262 | D:10     | Found a portal to a secret trove of treasure.
 13336 | D:8      | Bought 2 scrolls of teleportation for 78 gold pieces
 13408 | D:10     | Bought a scroll of teleportation for 39 gold pieces
 13408 | D:10     | Bought a scroll of teleportation for 39 gold pieces
 13673 | D:11     | Noticed Urug
 13678 | D:11     | Killed Urug
 13678 | D:11     | Reached skill level 12 in Earth Magic
 13821 | D:11     | Noticed Josephine
 13821 | D:11     | Noticed a manticore
 14045 | D:11     | Killed a manticore
 14045 | D:11     | Reached skill level 6 in Fighting
 14168 | D:11     | Reached skill level 5 in Invocations
 14179 | D:11     | Reached ****** piety under Cheibriados
 14470 | D:11     | Reached XP level 12. HP: 78/79 MP: 10/16
 14471 | D:11     | Reached skill level 11 in Dodging
 15017 | D:11     | Found a hide-covered altar of Uskayaw.
 15087 | D:11     | Killed Josephine
 15091 | D:11     | Reached skill level 6 in Invocations
 15583 | Lair:1   | Entered Level 1 of the Lair of Beasts
 15803 | Lair:1   | Got a pair of brightly glowing gloves
 15814 | Lair:1   | Identified the +0 pair of gloves "Zoaxiu" {*Slow rElec
                  | Slay+5 Stlth-} (You found it on level 1 of the Lair of
                  | Beasts)
 15903 | Lair:1   | Identified Sif Muna's Volume of Dislocated Black Rituals
 16003 | Lair:1   | Reached skill level 7 in Fighting
 16026 | Lair:1   | Noticed a four-headed hydra
 16050 | Lair:1   | Killed a four-headed hydra
 16050 | Lair:1   | Reached skill level 12 in Dodging
 16231 | Lair:1   | Learned a level 4 spell: Petrify
 16314 | Lair:1   | Reached skill level 7 in Invocations
 16628 | Lair:1   | Noticed Joseph
 16633 | Lair:1   | Killed Joseph
 17944 | Lair:2   | Found a runed translucent door.
 17944 | Lair:2   | Noticed Soopleu's ghost (journeyman DrTm)
 17970 | Lair:2   | Killed Soopleu's ghost
 18206 | Lair:2   | Identified a scroll of acquirement
 18207 | Lair:2   | Acquired an uncursed staff of earth
 18561 | Lair:2   | Reached XP level 13. HP: 81/88 MP: 4/18
 18739 | Lair:3   | Noticed Rupert
 18751 | Lair:3   | Reached skill level 2 in Transmutations
 18772 | Lair:3   | Killed Rupert
 18772 | Lair:3   | Reached skill level 8 in Fighting
 18772 | Lair:3   | Reached skill level 13 in Dodging
 18772 | Lair:3   | Reached skill level 8 in Invocations
 18801 | Lair:3   | Found a frozen archway.
 18812 | IceCv    | Entered an ice cave
 19574 | IceCv    | Got a dazzling falchion
 19575 | IceCv    | Identified the cursed +0 falchion "Qepruobid" {freeze,
                  | *Slow rElec rF+ Int+3} (You found it in an ice cave)
 20089 | IceCv    | Reached skill level 14 in Dodging
 20169 | IceCv    | Reached skill level 9 in Invocations
 20187 | IceCv    | HP: 7/89 [polar bear (5)]
 20187 | IceCv    | HP: 3/89 [polar bear (4)]
 20224 | IceCv    | HP: 9/90 [polar bear (13)]
 21189 | IceCv    | Noticed a frost giant
 21210 | IceCv    | Killed a frost giant
 21210 | IceCv    | Reached skill level 9 in Fighting
 21668 | Lair:3   | Found a staircase to the Snake Pit.
 22077 | Lair:3   | Noticed a seven-headed hydra
 22081 | Lair:3   | Killed a seven-headed hydra
 22081 | Lair:3   | Reached XP level 14. HP: 35/97 MP: 5/21
 22437 | Lair:3   | Got a smoking short sword
 22438 | Lair:3   | Identified the +4 short sword "Xacih" {flame, rPois Str-2
                  | Int+3} (You found it on level 3 of the Lair of Beasts)
 22997 | Lair:4   | Reached skill level 15 in Dodging
 23323 | Lair:4   | Reached skill level 10 in Invocations
 24278 | Lair:4   | Reached skill level 10 in Fighting
 24407 | Lair:4   | Found a staircase to the Swamp.
 24960 | Lair:5   | Reached skill level 11 in Invocations
 26721 | Lair:6   | Entered Level 6 of the Lair of Beasts
 26809 | Lair:6   | Found a large runed translucent door.
 26809 | Lair:6   | Found a large runed translucent door.
 26812 | Lair:6   | Noticed pulvazza's ghost (journeyman DsGl)
 26845 | Lair:5   | Killed pulvazza's ghost
 26845 | Lair:5   | Reached skill level 11 in Fighting
 26845 | Lair:5   | Reached skill level 12 in Invocations
 26972 | Lair:5   | HP: 5/101 [death yak (18)]
 26973 | Lair:5   | Demolished by a death yak

Vanquished Creatures
  Rupert (Lair:3)
  A frost giant (IceCv)
  The ghost of pulvazza the Carver, a journeyman DsGl of Yredelemnul (Lair:5)
  The ghost of Soopleu the Grappler, a journeyman DrTm of Uskayaw (Lair:2)
  Josephine (D:11)
  A vault guard (D:10)
  9 hydras
  5 death yaks (Lair:5)
  Urug (D:11)
  An unseen horror (D:10)
  Pikel (D:8)
  An oklob plant (Lair:5)
  A manticore (D:11)
  4 black mambas
  Joseph (Lair:1)
  Psyche (D:8)
  An ice statue (IceCv)
  4 cane toads
  A torpor snail (Lair:4)
  2 rime drakes (IceCv)
  7 komodo dragons
  21 polar bears
  A hornet (D:8)
  A tyrant leech (Lair:4)
  11 blink frogs
  4 dream sheep (Lair:5)
  4 hippogriffs
  Sigmund (D:4)
  5 wraiths
  2 wyverns (Lair:4)
  2 basilisks
  34 yaks
  5 swamp worms
  11 water moccasins
  9 orc warriors
  6 porcupines
  An ice beast (D:6)
  28 wolves
  2 phantoms
  4 black bears
  2 necrophages
  8 centaurs
  4 ogres
  11 crocodiles
  15 bullfrogs
  A big kobold (Sewer)
  2 gnoll sergeants (D:8)
  A wyvern zombie (D:11)
  A scorpion (D:6)
  A water moccasin skeleton (D:9)
  6 killer bees (D:8)
  11 wights
  An electric eel (Lair:1)
  5 howler monkeys
  2 bullfrog zombies (D:7)
  9 hounds
  Crazy Yiuf (D:4)
  A bullfrog skeleton (D:7)
  3 centaur skeletons
  5 jellies
  5 orc priests
  12 orc wizards
  2 iguanas
  Natasha (thrice) (D:4)
  6 hell rats (Lair:4)
  7 worker ants
  A hound zombie (D:6)
  2 hound skeletons
  Robin (D:2)
  14 gnolls
  2 worker ant zombies
  A howler monkey skeleton (D:5)
  12 adders
  A river rat (Sewer)
  2 white imps
  2 ufetubi
  6 oozes
  2 adder skeletons
  A worm (D:4)
  3 dart slugs (D:1)
  10 leopard geckos
  36 orcs
  6 bats
  4 giant cockroaches
  13 goblins
  11 hobgoblins
  8 jackals
  17 kobolds
  4 quokkas
  3 ball pythons
  3 frilled lizards
  A leopard gecko skeleton (D:4)
  A leopard gecko zombie (D:7)
  14 rats
  A plant (Lair:2)
505 creatures vanquished.

Vanquished Creatures (others)
  A death yak (IceCv)
  A wolf (IceCv)
  3 plants
5 creatures vanquished.

Grand Total: 510 creatures vanquished
